Map: Ulrena

Players

lllllIIIllIl - Winner!

  • Race: Protoss Protoss
  • League: Grandmaster

Miszu

  • Race: Terran Terran
  • League: Master

VOD

Have the link to the VOD?

Description

Time

  • Played on: April 18, 2016, 2:39 p.m.
  • Length: 3:10
Show
View Real Time Build Order
Export as new Build Order

lllllIIIllIl Protoss - Winner!

Build Orders:  

Get SALT Encoding   

  12  0:01  Probe (Chrono Boost)  
  13  0:11  Probe (Chrono Boost)  
  14  0:19  Pylon  
  14  0:22  Probe (Chrono Boost)  
  15  0:37  Gateway  
  15  0:38  Probe (Chrono Boost)  
  15  0:42  Assimilator  
  16  0:48  Probe (Chrono Boost)  
  17  0:59  Probe (Chrono Boost)  
  17  1:00  Assimilator  
  18  1:09  Probe (Chrono Boost)  
  18  1:11  Gateway  
  19  1:20  Probe (Chrono Boost)  
  19  1:25  Cybernetics Core  
  20  1:30  Probe (Chrono Boost)  
  21  1:41  Pylon, Probe (Chrono Boost)  
  22  1:51  Probe (Chrono Boost)  
  23  2:02  Stalker x2 (Chrono Boost)  
  27  2:09  Mothership Core (Chrono Boost)  
  29  2:19  Pylon  
  29  2:31  Probe  
  29  2:34  Stargate  
  30  2:43  Probe  
  31  2:53  Pylon  
  31  2:54  Pylon  
  31  2:57  Probe  
Show
View Real Time Build Order
Export as new Build Order

Miszu Terran 

Build Orders: 1/1/1 

Get SALT Encoding   

  12  0:01  SCV  
  13  0:13  SCV  
  14  0:17  Supply Depot  
  14  0:25  SCV  
  15  0:28  Refinery  
  15  0:39  SCV  
  16  0:45  Barracks  
  16  0:51  SCV  
  17  1:03  SCV  
  18  1:15  SCV  
  19  1:27  SCV  
  19  1:32  Factory, Marine  
  21  1:39  Orbital Command  
  21  1:41  Supply Depot  
  21  1:50  Marine  
  22  2:05  SCV  
  23  2:08  Marine  
  24  2:16  Hellion  
  24  2:17  Starport  
  24  2:19  SCV  
  24  2:21  Supply Depot  
  27  2:26  Marine  
  28  2:31  SCV  
  29  2:38  Refinery, Hellion  
  29  2:43  SCV  
  32  2:44  Marine  
  32  2:48  Supply Depot  
  33  2:55  SCV  
Tags
 
Add a new tag
Caveats
  • Supply blocks, unpowered buildings, or Contaminate may cause inaccurate times.
  • Supply counts are checked every 10 seconds.